 Dungeon Crawl Stone Soup version 0.29-a0-1061-gbc57f8fbdb (webtiles) character file.

Game seed: 17444587030041408595

4069 Plasmagod the Grappler (level 10, -3/71 HPs)
             Began as a Purple Draconian Transmuter on Aug 18, 2022.
             Was a Believer of Qazlal.
             Succumbed to a hornet's poison
             ... while paralysed by a hornet
             ... on level 9 of the Dungeon.
             The game lasted 00:17:35 (9204 turns).

Plasmagod the Grappler (DrTm)                       Turns: 9204, Time: 00:17:36

Health: -3/71      AC: 11    Str: 13    XL:     10   Next: 5%
Magic:  23/24      EV:  2    Int: 23    God:    Qazlal [**....]
Gold:   543        SH:  0    Dex: 12    Spells: 26/29 levels left

rFire   . . .      SeeInvis .     - Unarmed
rCold   . . .      Faith    .   (no shield)
rNeg    . . .      Spirit   .   (body armour unavailable)
rPois   .          Reflect  .   (helmet currently unavailable)
rElec   .          Harm     .   (no cloak)
rCorr   .          Rampage  .   (no gloves)
Will    +....                   (boots currently unavailable)
Stlth   +.........              (no amulet)
HPRegen 0.21/turn               l - +6 ring of intelligence
MPRegen 0.19/turn               w - +4 ring of protection

@: paralysed, lethally poisoned (-3 -> -35), short of breath, appendages
(expiring), wereblooded, slowed
A: horns 2, talons 2, breathe power, AC +7, unfitting armour, cold-blooded
a: Breathe Dispelling Energy, End Transformation, Renounce Religion, Upheaval


You were on level 9 of the Dungeon.
You worshipped Qazlal.
Qazlal was pleased with you.
You had temporarily grown beastly horns and talons.
You visited 1 branch of the dungeon, and saw 9 of its levels.

You collected 543 gold pieces.

Inventory:

Armour
 B - a +2 pair of boots (melded)
Jewellery
 l - a +6 ring of intelligence (left hand)
 n - a ring of willpower
 v - a +6 ring of strength
 w - a +4 ring of protection (right hand)
Wands
 b - a wand of paralysis (11)
 e - a wand of flame (5)
 y - a wand of iceblast (15)
Scrolls
 d - 2 scrolls of blinking
 f - 3 scrolls of identify
 j - 7 scrolls of teleportation
 r - a scroll of silence
 s - 3 scrolls of fear
Potions
 a - 3 potions of lignification
 c - a potion of berserk rage
 g - 3 potions of attraction
 h - 2 potions of haste
 i - 3 potions of heal wounds
 k - 3 potions of resistance
 m - 2 potions of brilliance
 o - a potion of degeneration
 q - 2 potions of mutation
 u - a potion of flight
 A - a potion of cancellation


   Skills:
 - Level 1.1 Fighting
 - Level 1.7 Dodging
 - Level 11.0 Unarmed Combat
 - Level 10.0 Spellcasting
 + Level 5.2 Transmutations


You had 26 spell levels left.
You knew the following spells:

 Your Spells              Type           Power      Damage    Failure   Level
a - Beastly Appendage     Tmut           70%        N/A       1%          1
b - Wereblood             Tmut           35%        N/A       1%          2

Your spell library contained the following spells:

 Spells                   Type           Power      Damage    Failure   Level
 Apportation              Tloc           22%        N/A       5%          1
 Necrotise                Necr           44%        1d6       5%          1
 Summon Small Mammal      Summ           44%        N/A       5%          1
 Spider Form              Tmut/Pois      23%        N/A       6%          3
 Gell's Gravitas          Tloc           11%        N/A       17%         3
 Portal Projectile        Hex/Tloc       22%        N/A       17%         3
 Teleport Other           Tloc           11%        N/A       17%         3
 Tukima's Dance           Hex            11%        N/A       17%         3
 Ice Form                 Ice/Tmut       23%        N/A       19%         4
 Blade Hands              Tmut           17%        N/A       19%         5
 Irradiate                Conj/Tmut      11%        3d15      47%         5
 Dragon Form              Tmut           17%        N/A       99%         7
 Dispersal                Tloc           5%         N/A       100%        6


Dungeon Overview and Level Annotations

Branches:
Dungeon (9/15)             Temple (0/1) D:6            Lair (0/5) D:8
    Orc: D:9-12

Altars:
Dithmenos
Hepliaklqana
Kikubaaqudgha
Nemelex Xobeh
Qazlal
Xom
The Shining One

Annotations:
D:4 2 transporters, Yosebu's ghost, amateur KoHu
D:9 Prince Ribbit


Innate Abilities, Weirdness & Mutations

You have temporarily grown beastly horns and talons.
You can breathe bolts of dispelling energy.
Your rich purple scales are hard. (AC +7)
You cannot fit into any form of body armour.
You are cold-blooded and may be slowed by cold attacks.


Message History

You hit the hornet but do no damage. Your headbutt misses the hornet.
The hornet is heavily wounded.
The hornet stings you but does no damage.
Prince Ribbit says, "You're just another fly to me."
The hornet barely misses you.
You closely miss the hornet.
The hornet is heavily wounded.
The hornet misses you.
You miss the hornet. Your kick misses the hornet.
The hornet is heavily wounded.
Your transformation is almost over.
Prince Ribbit blinks!
The hornet closely misses you.
You hit the hornet. Your kick misses the hornet. You headbutt the hornet.
Your tail-slap misses the hornet.
You punch the hornet!
The hornet is almost dead.
The hornet stings you but does no damage.
You hit the hornet but do no damage.
You tail-slap the hornet, but do no damage.
The hornet is almost dead.
The hornet stings you.
You feel yourself slow down.
Prince Ribbit croaks regally.
You closely miss the hornet.
You headbutt the hornet, but do no damage.
The hornet is almost dead.
The hornet stings you!
You are poisoned.
You suddenly lose the ability to move!
The hornet stings you.
You feel as though you will be slow longer.
Prince Ribbit hits you but does no damage.
You feel very sick. The hornet stings you!
You are more poisoned.
You feel as though you will be slow longer.
Prince Ribbit hits you!
* * * LOW HITPOINT WARNING * * *
The hornet stings you!
* * * LOW HITPOINT WARNING * * *
You are more poisoned.
You feel as though you will be slow longer.
You die...

#.#
#.#.##.###.###############.
#.# #.#.##.###.##$[# #:[###
#.# #.#.##.....###$)) $?:##
... ..#........# ##.⌠.
.⌠.## .## ###........#
....... . #.##.....#
....... #.##.....# .⌠...⌠.
#.##.#.#F# #.#.#@# # #.#y#
#.oo# #...# #...# #.?.#
#....# ......# #o##.####


You could see Prince Ribbit, a hornet, an orc wizard and an orc.

Vanquished Creatures
  Psyche (D:8)
  Grinder (D:3)
  A hornet (D:7)
  A steam dragon (D:8)
  Menkaure (D:7)
  An acid dragon (D:9)
  A water moccasin (D:5)
  2 sky beasts
  An ice beast (D:6)
  4 black bears
  3 ogres
  A centaur (D:9)
  2 phantoms
  4 bullfrogs
  4 scorpions
  7 wights
  6 howler monkeys
  2 jellies
  5 orc priests
  A gnoll bouda (D:7)
  2 hounds
  5 iguanas
  5 orc wizards
  5 gnolls (D:7)
  5 adders
  2 white imps
  2 worms (D:2)
  A dart slug (D:1)
  24 orcs
  5 endoplasms
  A goblin (D:1)
  9 hobgoblins
  3 jackals (D:1)
  2 quokkas (D:4)
  9 ball pythons
  3 bats
  2 frilled lizards
  5 kobolds
  10 rats
149 creatures vanquished.

Notes
Turn   | Place    | Note
-------+----------+-------------------------------------------
     0 | D:1      | Plasmagod the Draconian Transmuter began the quest for the
                  | Orb.
     0 | D:1      | Reached XP level 1. HP: 16/16 MP: 3/3
   240 | D:1      | Reached XP level 2. HP: 23/23 MP: 5/5
   391 | D:1      | Reached skill level 4 in Unarmed Combat
  1145 | D:2      | Reached XP level 3. HP: 23/28 MP: 4/6
  1942 | D:3      | Found a shadowy altar of Dithmenos.
  1995 | D:3      | Noticed Grinder
  2005 | D:3      | Killed Grinder
  2006 | D:3      | Reached skill level 6 in Unarmed Combat
  2006 | D:3      | Reached XP level 4. HP: 29/35 MP: 5/7
  2006 | D:3      | Reached XP level 5. HP: 34/40 MP: 5/8
  2086 | D:3      | Reached XP level 6. HP: 25/47 MP: 9/9
  2092 | D:3      | Reached skill level 7 in Unarmed Combat
  2608 | D:3      | Found an ancient bone altar of Kikubaaqudgha.
  3122 | D:4      | Identified the +3 leather armour of the Kraken {-Tele
                  | Int+7}
  3145 | D:4      | Found a stormy altar of Qazlal.
  3153 | D:4      | Became a worshipper of Qazlal Stormbringer
  3371 | D:4      | Reached skill level 8 in Unarmed Combat
  3375 | D:4      | Your scales start taking on a rich purple colour.
  3375 | D:4      | Reached XP level 7. HP: 34/52 MP: 8/10
  3527 | D:4      | Found a hazy altar of Hepliaklqana.
  3602 | D:4      | Found a transporter.
  3602 | D:4      | Noticed Yosebu's ghost (amateur KoHu)
  3603 | D:4      | Noticed a wyvern
  3615 | D:4      | Found a transporter.
  3717 | D:5      | Entered Level 5 of the Dungeon
  3852 | D:5      | Found a sparkling altar of Nemelex Xobeh.
  3873 | D:5      | Reached skill level 9 in Unarmed Combat
  4678 | D:6      | Reached skill level 10 in Unarmed Combat
  4678 | D:6      | Reached XP level 8. HP: 39/59 MP: 11/11
  4785 | D:6      | Found a staircase to the Ecumenical Temple.
  4929 | D:6      | Reached * piety under Qazlal
  4949 | D:6      | Learned a level 2 spell: Wereblood
  5300 | D:6      | Reached skill level 11 in Unarmed Combat
  5364 | D:6      | Found a shimmering altar of Xom.
  5380 | D:6      | Found a shimmering altar of Xom.
  5382 | D:6      | Found a shimmering altar of Xom.
  5382 | D:6      | Found a shimmering altar of Xom.
  5382 | D:6      | Found a shimmering altar of Xom.
  5386 | D:6      | Found a shimmering altar of Xom.
  5386 | D:6      | Found a shimmering altar of Xom.
  5715 | D:6      | Reached skill level 5 in Spellcasting
  6290 | D:7      | Reached XP level 9. HP: 60/64 MP: 18/18
  6606 | D:7      | Reached ** piety under Qazlal
  6809 | D:7      | Paralysed by a hornet for 2 turns
  7158 | D:7      | Noticed Menkaure
  7167 | D:7      | Killed Menkaure
  7260 | D:7      | Found a glowing golden altar of the Shining One.
  7547 | D:8      | Reached skill level 10 in Spellcasting
  7728 | D:8      | Noticed Psyche
  7742 | D:8      | Killed Psyche
  8416 | D:8      | Found a staircase to the Lair.
  8745 | D:9      | Reached XP level 10. HP: 71/71 MP: 24/24
  8830 | D:9      | Reached skill level 5 in Transmutations
  9181 | D:9      | Noticed Prince Ribbit
  9202 | D:9      | Paralysed by a hornet for 3 turns
  9204 | D:9      | Succumbed to a hornet's poison

Illustrated notes

Levels and vault maps discovered:
D:1:      denvon_arrival_planthouse, layout_loops_ring
D:2:      layout_basic, minmay_misc_feat_rugged, corner_web_ring
D:3:      layout_basic, kiku_gazebo_pond_becter,
          nicolae_dithmenos_shadow_blocks, chequers_serial_rivers_large_b,
          uniq_grinder
D:4:      layout_rooms, old_standard_altar, kennysheep_little_box,
          gammafunk_ghost_arena, sigmund_army
D:5:      layout_cave_pools, mainiacjoe_overflow_alcove_1
D:6:      layout_basic, nicolae_xom_altar_mimics, minmay_temple_entry_large_hall
D:7:      layout_basic, nicolae_tso_swordbearing_angel, uniq_menkaure
D:8:      layout_basic, lair_entry_dummy, serial_bayou_pond_b, uniq_psyche
D:9:      wad_guarded_room, layout_loops_ring, uniq_harold, uniq_prince_ribbit1

Skill      XL: |  1  2  3  4  5  6  7  8  9 10 |
---------------+-------------------------------+-----
Unarmed Combat | 4 6 8 10 11 | 11.0
Spellcasting   | 6 10 | 10.0
Transmutations | 4 5 |  5.2
Fighting       | |  1.1
Dodging        | |  1.7

Action                   |  1- 3 |  4- 6 |  7- 9 | 10-12 || total
-------------------------+-------+-------+-------+-------++-------
Melee: Unarmed           |   101 |    53 |   304 |    26 ||   484
       Kick              |    16 |    20 |    87 |     5 ||   128
       Tailslap          |     7 |    10 |    49 |     4 ||    70
       Headbutt          |    13 |    12 |    55 |     8 ||    88
       Punch             |     1 |     1 |    16 |     4 ||    22
 Cast: Beastly Appendage |    27 |    11 |    47 |     3 ||    88
       Wereblood         |       |       |     1 |     1 ||     2
 Abil: Breathe Dispellin |       |       |    12 |     2 ||    14
  Use: Potion            |     2 |       |     1 |       ||     3
       Scroll            |       |       |    22 |       ||    22
 Stab: Sleeping          |       |       |     1 |       ||     1
Armor: Skin              |    31 |     8 |    96 |    10 ||   145
Dodge: Dodged            |    48 |    26 |   133 |    16 ||   223
Block: Other             |       |       |    14 |       ||    14

Table legend: (Time is in decaauts)
 A = Elapsed time spent in this place.
 B = Non-inter-level travel time spent in this place.
 C = Inter-level travel time spent in this place.
 D = Time resting spent in this place.
 E = Time spent auto-exploring this place.
 F = Levels seen in this place.
 G = Mean time per level.
                   A        B        C        D        E       F      G
               +--------+--------+--------+--------+--------+-----+--------+
         Total |   9154 |   8984 |    170 |    527 |   7322 |   9 | 1017.1 |
       Dungeon |   9154 |   8984 |    170 |    527 |   7322 |   9 | 1017.1 |
               +--------+--------+--------+--------+--------+-----+--------+

Top non-repeatable levels by time:
     D:6: 1475 daAuts
     D:3: 1249 daAuts
     D:7: 1209 daAuts
     D:8: 1169 daAuts
     D:1: 1099 daAuts
     D:5: 917 daAuts
     D:4: 702 daAuts
     D:2: 675 daAuts
     D:9: 656 daAuts
